 Dungeon Crawl Stone Soup version 0.21.1-1-g345015f (webtiles) character file.

71 Fang the Skirmisher (level 4, -2/43 HPs)
             Began as a Gargoyle Berserker on May 31, 2018.
             Was a Believer of Trog.
             Slain by Crazy Yiuf
             ... wielding a +3 quarterstaff of chaos
              (8 damage)
             ... on level 2 of the Dungeon.
             The game lasted 00:03:23 (1780 turns).

Fang the Skirmisher (Gargoyle Berserker)            Turns: 1780, Time: 00:03:24

Health: -2/43      AC:  5    Str: 27    XL:     4   Next: 24%
Magic:  0/4        EV: 12    Int:  7    God:    Trog [**....]
Gold:   74         SH:  0    Dex:  9    Spells: 3/3 levels left

rFire    . . .     SeeInvis .   a - +0 hand axe
rCold    . . .     Gourm    .   (no shield)
rNeg     + . .     Faith    .   b - +0 animal skin
rPois    ∞         Spirit   .   (no helmet)
rElec    +         Reflect  .   (no cloak)
rCorr    .         Harm     .   (no gloves)
MR       .....                  (no boots)
Stlth    ..........             i - amulet of regeneration
HPRegen  0.54/turn              j - ring of stealth
MPRegen  0.09/turn              (no ring)

@: berserking, very quick
A: negative energy resistance 1, electricity resistance, unbreathing,
petrification resistance, rot immunity, AC +3
a: Berserk, Trog's Hand, Burn Spellbooks, Renounce Religion


You were on level 2 of the Dungeon.
You worshipped Trog.
Trog was pleased with you.
You were not hungry.

You visited 1 branch of the dungeon, and saw 2 of its levels.

You collected 74 gold pieces.

Inventory:

Hand Weapons
 a - a +0 hand axe (weapon)
Armour
 b - a +0 animal skin (worn)
Jewellery
 i - an amulet of regeneration (around neck)
 j - a ring of stealth (left hand)
Scrolls
 e - a scroll of identify {unknown}
 g - 4 scrolls of magic mapping {unknown}
 l - a scroll of teleportation {unknown}
 o - a scroll of noise {unknown}
 p - a scroll of random uselessness {unknown}
Potions
 d - a potion of curing {unknown}
 f - a potion of heal wounds {unknown}
 h - a potion of brilliance {unknown}
 k - 2 potions of resistance {unknown}
 m - a potion of agility {unknown}
 n - a potion of ambrosia {unknown}
Comestibles
 c - 2 rations


   Skills:
 + Level 3.8 Fighting
 + Level 3.6 Axes
 + Level 2.4 Armour
 + Level 2.1 Dodging
 + Level 0.5 Stealth


You had 3 spell levels left.
You didn't know any spells.

Dungeon Overview and Level Annotations

Branches:
Dungeon (2/15)

Altars:
Sif Muna

Annotations:
D:2 Crazy Yiuf


Innate Abilities, Weirdness & Mutations

You are resistant to torment.
Your stone body is resilient. (AC +3)
You are immune to poison.
You resist negative energy. (rN+)
You are resistant to electric shocks. (rElec)
You can survive without breathing.
You are immune to petrification.
You are immune to rotting.


Message History

Crazy Yiuf barely misses you.
You barely miss Crazy Yiuf.
Crazy Yiuf is lightly wounded.
Crazy Yiuf barely misses you.
You barely miss Crazy Yiuf.
Crazy Yiuf is lightly wounded.
Crazy Yiuf yells, "Gnoll head return to song!"
Crazy Yiuf hits you with a quarterstaff of chaos.
Crazy Yiuf burns you.
You hit Crazy Yiuf but do no damage.
Crazy Yiuf is lightly wounded.
Crazy Yiuf cries, "Gum aubergine snockshim!"
Crazy Yiuf hits you with a quarterstaff of chaos!
* * * LOW HITPOINT WARNING * * *
You feel your power leaking away.
You completely miss Crazy Yiuf. You barely miss Crazy Yiuf.
Crazy Yiuf grits, "Orb!"
Crazy Yiuf hits you with a quarterstaff of chaos!
You die...

#.# ##########.# #.#
#..........# #.#
#..........###########
#.#
##########...........#
# #.# #......#(....
###'## ######.#..###
.....##♣♣ #####
#......#..# ........♣♣
♣♣#..)# ########..###
.........♣♣♣♣.'.@g#
#.......
..........♣..♣#...#
#.#..###
.........♣.♣♣♣#####
#.#..#.. .....##♣♣♣♣♣
######.#(.##. .....#
#....#.#..#..
.....#############
####.#.#..#.#
........#........#
#.#.#.....
........#..#######
#.#.#....#
#######.#..#
#####'#.######


You could see Crazy Yiuf.

Vanquished Creatures
  An adder (D:2)
  An ooze (D:1)
  A worm (D:2)
  A dart slug (D:1)
  4 leopard geckos
  A ball python (D:1)
  A giant cockroach (D:1)
  3 goblins
  6 hobgoblins
  4 jackals
  5 kobolds (D:1)
  A quokka (D:2)
  7 bats
  A frilled lizard (D:1)
  10 rats
47 creatures vanquished.

Notes
Turn   | Place    | Note
-------+----------+-------------------------------------------
     0 | D:1      | Fang the Gargoyle Berserker began the quest for the Orb.
     0 | D:1      | Reached XP level 1. HP: 14/14 MP: 1/1
    51 | D:1      | Reached XP level 2. HP: 15/19 MP: 2/2
   361 | D:1      | Reached XP level 3. HP: 19/23 MP: 3/3
   715 | D:1      | Reached ** piety under Trog
   784 | D:2      | Found a deep blue altar of Sif Muna.
  1112 | D:2      | Found a faded altar of an unknown god.
  1129 | D:2      | Reached XP level 4. HP: 29/29 MP: 4/4
  1186 | D:2      | Found a runed door.
  1769 | D:2      | Noticed Crazy Yiuf
  1780 | D:2      | Slain by Crazy Yiuf

Skill      XL: |  1  2  3 |
---------------+----------+-----
Axes           | 3 |  3.6
Dodging        | 2 |  2.1
Fighting       | |  3.8
Armour         | |  2.4
Stealth        | |  0.5

Action                   |  1- 3 |  4- 6 || total
-------------------------+-------+-------++-------
Melee: Hand axe          |   149 |    28 ||   177
Invok: Berserk           |     1 |     1 ||     2
 Stab: Sleeping          |     3 |     2 ||     5
       Distracted        |       |     1 ||     1
  Eat: Chunk             |       |     2 ||     2
       Ration            |       |     1 ||     1
Armor: Animal skin       |    61 |     6 ||    67
Dodge: Dodged            |   116 |    17 ||   133
